AoeStats
← Ssshanto

Arabia

505517377Analyzed
1v1 RM · 24d ago on Sep 9, 2026· 47m 2s· 2 players
Game mode
Random Map
Map size
Tiny (2 player)
Population
200
Speed
Normal
Resources
Standard
Victory
Conquest
Starting age
Dark Age
Ending age
Imperial Age
RankedLock teamsTeams togetherTeam positionsShared explorationLock speedFull tech treeHidden civsTurbo modeCheats
Victory
Defeat
🇪🇸 Byzantines · Spain
1124
+16
🇧🇩 Hindustanis · Bangladesh
1118
-27
Ssshanto
6:30 Loom
9:17 Feudal Age
11:06 Double-Bit Axe
13:18 Horse Collar
17:07 Bloodlines
17:40 Scale Barding Armor
17:45 Forging
23:09 Castle Age
21:51 Fletching
22:31 Padded Archer Armor
22:56 Gold Mining
23:31 Crossbowman
25:27 Bodkin Arrow
27:27 Leather Archer Armor
31:28 Wheelbarrow
32:19 Gold Shaft Mining
32:21 Husbandry
33:48 Bow Saw
34:31 Chain Barding Armor
35:50 Iron Casting
Jiissii
6:26 Loom
9:43 Feudal Age
10:14 Double-Bit Axe
10:36 Horse Collar
15:57 Wheelbarrow
18:19 Scale Barding Armor
18:07 Gold Mining
20:36 Castle Age
21:02 Forging
23:01 Hand Cart
23:00 Bow Saw
23:47 Chain Barding Armor
29:55 Fletching
30:05 Padded Archer Armor
31:17 Elite Skirmisher
35:25 Imperial Age
33:24 Bodkin Arrow
34:04 Ballistics
36:53 Bracer
37:29 Plate Barding Armor
39:00 Crossbowman
39:43 Pikeman
40:23 Squires
40:09 Arson
40:37 Scale Mail Armor
40:20 Halberdier
42:32 Chemistry
42:09 Iron Casting
41:51 Chain Mail Armor
44:27 Conscription
Connection lost

Rejoining the realm…

Still unreachable

The connection could not be restored.

Session expired

The server has moved on; the page needs a fresh start.